 Dungeon Crawl Stone Soup version 0.29-a0-322-g68df515428 (webtiles) character file.

Game seed: 3184773857916717426

538 bande the Covered (level 7, -1/44 HPs)
             Began as a Gargoyle Fighter on Apr 4, 2022.
             Slain by Menkaure (9 damage)
             ... on level 4 of the Dungeon on Apr 5, 2022.
             The game lasted 00:07:52 (4922 turns).

bande the Covered (Gargoyle Fighter)                Turns: 4922, Time: 00:07:53

Health: -1/44      AC: 15    Str: 20    XL:     7   Next: 26%
Magic:  7/7        EV:  9    Int:  8    God:
Gold:   137        SH: 10    Dex: 17    Spells: 6/6 levels left

rFire   . . .      SeeInvis .   a - +0 war axe
rCold   . . .      Faith    .   c - +0 buckler
rNeg    + . .      Spirit   .   b - +0 scale mail
rPois   ∞          Reflect  +   f - +0 helmet
rElec   +          Harm     .   (no cloak)
rCorr   .          Rampage  .   s - +0 pair of gloves
Will    .....                   k - +0 pair of boots
Stlth   ..........              p - amulet of reflection
HPRegen 0.14/turn               l - +6 ring of dexterity
MPRegen 0.10/turn               (no ring)

@: no status effects
A: sickness immunity, AC +4, negative energy resistance 1, electricity
resistance, torment resistance 1, petrification resistance
a: no special abilities


You were on level 4 of the Dungeon.
You visited 1 branch of the dungeon, and saw 4 of its levels.

You collected 137 gold pieces.

Inventory:

Hand Weapons
 a - a +0 war axe (weapon)
 g - a +0 war axe
 o - a +0 flail
Armour
 b - a +0 scale mail (worn)
 c - a +0 buckler (worn)
 f - a +0 helmet (worn)
 k - a +0 pair of boots (worn)
 s - a +0 pair of gloves (worn)
Jewellery
 l - a +6 ring of dexterity (left hand)
 p - an amulet of reflection (around neck)
Scrolls
 i - 2 scrolls of teleportation
 n - a scroll of silence
 t - a scroll of magic mapping
 v - 2 scrolls of holy word
Potions
 d - a potion of might
 e - 2 potions of curing
 h - 2 potions of ambrosia {unknown}
 j - a potion of resistance {unknown}
 m - a potion of haste
 q - a potion of flight {unknown}
 r - 2 potions of degeneration {unknown}
 u - a potion of heal wounds {unknown}


   Skills:
 + Level 4.5 Fighting
 + Level 5.0 Axes
 + Level 5.2 Armour
 + Level 4.3 Shields


You had 6 spell levels left.
You didn't know any spells.
Your spell library contained the following spells:

 Spells                   Type           Power      Damage    Failure   Level
 Beastly Appendage        Tmut           0%         N/A       83%         1
 Conjure Flame            Conj/Fire      0%         6-21      99%         3
 Gell's Gravitas          Tloc           0%         N/A       99%         3
 Ignite Poison            Fire/Tmut/Pois 0%         N/A       99%         3
 Teleport Other           Tloc           0%         N/A       99%         3
 Sticky Flame             Conj/Fire      0%         2d3       100%        4
 Dispersal                Tloc           0%         N/A       100%        6


Dungeon Overview and Level Annotations

Branches:
Dungeon (4/15)
 Temple: D:4-7

Altars:

Annotations:
D:4 Menkaure


Innate Abilities, Weirdness & Mutations

You are immune to sickness and miasma.
Your stone body is resilient. (AC +4)
You are immune to poison.
You resist negative energy. (rN+)
You are resistant to electric shocks. (rElec)
You are resistant to unholy torment.
You are immune to petrification.


Message History

The orc wizard gestures at you while chanting.
The puff of flame hits you but does no damage.
You miss the orc wizard.
The orc wizard is almost dead.
You barely miss something. You miss the orc wizard.
Something hits you but does no damage. The orc wizard casts a spell at you.
The magic dart hits you!
The orc wizard hits you but does no damage.
You slash the orc wizard!
You kill the orc wizard!
You hit the orc wizard but do no damage.
You closely miss something. Something hits you but does no damage.
Unknown command.
You barely miss the orc wizard.
The orc wizard is almost dead.
You hit the orc.
You kill the orc!
You hit something.
Reactivating autopickup.
You feel a bit more experienced.
The orc wizard hits you with a +0 dagger.
Your Axes skill increases to level 5!
You miss the orc wizard.
The orc wizard is almost dead.
You slash Menkaure! You hit the kobold.
You kill the kobold!
Menkaure breathes soot at you. Menkaure barely misses you.
The orc wizard hits you but does no damage.
Menkaure calls on the powers of darkness!
Your body is wracked with pain!
The orc wizard barely misses you. Menkaure hits you!
* * * LOW HITPOINT WARNING * * *
The orc wizard closely misses you.
Items here: ))) [.
You bump into the rock wall.
You feel less confused. Menkaure hits you!
You die...

#. .# #.#.# #.#.#
##.#.## .........
..... #.......#
#... #.......#
#..# #.......#
#M@# #.......#
#.o#
#.......###..#
#........##..#
#............#
#####[#.#.##.##.##
.......###.#.##.#
#####.#.#.##.##.#
#.# #.....##.##..
#.#


You could see Menkaure (fast) and an orc wizard.

Vanquished Creatures
  A kobold brigand (D:2)
  A necrophage (D:3)
  A scorpion (D:4)
  A hound (D:2)
  5 orc wizards
  Natasha (thrice) (D:2)
  Robin (D:3)
  2 worms
  2 dart slugs
  10 orcs
  4 endoplasms
  2 giant cockroaches
  16 goblins
  7 hobgoblins
  3 jackals (D:1)
  9 kobolds
  5 quokkas
  3 ball pythons
  8 bats
  6 frilled lizards
  7 rats
97 creatures vanquished.

Vanquished Creatures (others)
  2 plants (D:2)
2 creatures vanquished.

Grand Total: 99 creatures vanquished

Notes
Turn   | Place    | Note
-------+----------+-------------------------------------------
     0 | D:1      | bande the Gargoyle Fighter began the quest for the Orb.
     0 | D:1      | Reached XP level 1. HP: 14/14 MP: 1/1
   342 | D:1      | Reached XP level 2. HP: 19/19 MP: 2/2
   761 | D:1      | Upgraded the game from 0.29-a0-321-gf1c400731a to
                  | 0.29-a0-322-g68df515428
  1268 | D:2      | Reached XP level 3. HP: 20/23 MP: 3/3
  1768 | D:2      | Found a faded altar of an unknown god.
  1787 | D:2      | Got Plato's Volume of Transmutation
  1858 | D:2      | Noticed Natasha
  1866 | D:2      | Killed Natasha
  1867 | D:2      | Reached XP level 4. HP: 20/29 MP: 4/4
  2344 | D:2      | Noticed Natasha
  2349 | D:2      | Killed Natasha
  2350 | D:2      | Reached XP level 5. HP: 28/33 MP: 5/5
  2648 | D:2      | Noticed Natasha
  2655 | D:2      | Killed Natasha
  2726 | D:3      | Noticed Robin
  2726 | D:3      | Noticed a kobold brigand
  2743 | D:2      | Killed a kobold brigand
  3132 | D:2      | Reached XP level 6. HP: 33/38 MP: 6/6
  3653 | D:3      | Killed Robin
  3715 | D:3      | HP: 1/38 [something/magic dart (5)]
  4584 | D:4      | Reached skill level 5 in Armour
  4723 | D:4      | Noticed Menkaure
  4758 | D:3      | Reached XP level 7. HP: 44/44 MP: 7/7
  4920 | D:4      | Reached skill level 5 in Axes
  4922 | D:4      | Slain by Menkaure

Illustrated notes

Levels and vault maps discovered:
D:1:      dpeg_arrival_central, layout_basic
D:2:      layout_basic, shapermc_ecumenical_altar_rom_forum, uniq_natasha
D:3:      layout_rooms, wad_floor_pattern_2, uniq_robin
D:4:      layout_loops_ring, uniq_menkaure

Skill      XL: |  1  2  3  4  5  6  7 |
---------------+----------------------+-----
Axes           | 2 3 4 5 |  5.0
Armour         | 4 5 |  5.2
Fighting       | 4 |  4.5
Shields        | 4 |  4.3

Action                   |  1- 3 |  4- 6 |  7- 9 || total
-------------------------+-------+-------+-------++-------
Melee: War axe           |   109 |   152 |    22 ||   283
  Use: Scroll            |     6 |     6 |       ||    12
       Potion            |       |     3 |       ||     3
Armor: Scale mail        |    76 |   127 |    34 ||   237
Dodge: Dodged            |    59 |    90 |    16 ||   165
Block: Buckler           |    16 |    59 |     7 ||    82
       Reflection        |       |     2 |       ||     2

Table legend: (Time is in decaauts)
 A = Elapsed time spent in this place.
 B = Non-inter-level travel time spent in this place.
 C = Inter-level travel time spent in this place.
 D = Time resting spent in this place.
 E = Time spent auto-exploring this place.
 F = Levels seen in this place.
 G = Mean time per level.
                   A        B        C        D        E       F      G
               +--------+--------+--------+--------+--------+-----+--------+
         Total |   5035 |   4946 |     89 |   1481 |   2391 |   4 | 1258.8 |
       Dungeon |   5035 |   4946 |     89 |   1481 |   2391 |   4 | 1258.8 |
               +--------+--------+--------+--------+--------+-----+--------+

Top non-repeatable levels by time:
     D:2: 2693 daAuts
     D:1: 1283 daAuts
     D:3: 811 daAuts
     D:4: 246 daAuts
